 Dungeon Crawl Stone Soup version 0.31.0-32-g396128a36d (webtiles) character file.

Game seed: 4428377523642807734

137 safid the Ruffian (level 5, -2/40 HPs)
             Began as a Draconian Shapeshifter on Apr 4, 2024.
             Killed by nerve-wracking pain
             ... invoked by Grinder
              (14 damage)
             ... on level 3 of the Dungeon.
             The game lasted 00:02:04 (2193 turns).

safid the Ruffian (Draconian Shapeshifter)          Turns: 2193, Time: 00:02:05

Health: -2/40      AC:  5    Str: 18    XL:     5   Next: 0%
Magic:  5/5        EV: 12    Int: 11    God:
Gold:   121        SH:  0    Dex: 10    Spells: 4/4 levels left

rFire   . .          .
                       - Unarmed
rCold   . . .        (no shield)
rNeg    . . .        (body armour unavailable)
rPois   .            (helmet currently unavailable)
rElec   .            (cloak currently unavailable)
rCorr   .            (gloves currently unavailable)
SInv    .            (boots currently unavailable)
Will    .....        (no amulet)
Stlth   +            (no ring)
HPRegen 0.26/turn    (no ring)
MPRegen 0.09/turn

%: no passive effects
@: beast-form
A: beast (slay +2), AC +5, unfitting armour, cold-blooded
a: Begin Untransformation


You were on level 3 of the Dungeon.
You were a hulking beast.
You visited 1 branch of the dungeon, and saw 3 of its levels.

You collected 121 gold pieces.

Inventory:

Jewellery
 m - a +5 ring of evasion
Talismans
 b - a beast talisman
 c - a flux talisman
Scrolls
 e - a scroll of brand weapon {unknown}
 f - 2 scrolls of fog {unknown}
 g - 2 scrolls of teleportation {unknown}
 h - a scroll of vulnerability {unknown}
 i - 4 scrolls of identify {unknown}
 k - a scroll of silence {unknown}
Potions
 a - a potion of lignification
 d - a potion of cancellation {unknown}
 j - a potion of berserk rage {unknown}
 l - 3 potions of degeneration {unknown}


   Skills:
 + Level 1.5 Fighting
 - Level 2.0 Dodging
 + Level 4.6 Unarmed Combat
 + Level 4.0 Shapeshifting


You had 4 spell levels left.
You didn't know any spells.
Your spell library contained the following spells:

 Spells                   Type           Power      Damage    Failure   Level
 Static Discharge         Conj/Air       0%         3-3/arc   47%         2
 Airstrike                Air            0%         2d(0-16)  98%         4
 Summon Lightning Spire   Summ/Air       0%         N/A       98%         4


Dungeon Overview and Level Annotations

Branches:
Dungeon (3/15)

Altars:

Annotations:
D:3 Grinder


Innate Abilities, Weirdness & Mutations

You are a hulking beast.
Your limbs bulge with bestial killing power. (Slay +2)
Your plain brown scales are hard. (AC +5)
You cannot fit into any form of body armour.
You are cold-blooded and may be slowed by cold attacks.


Message History

There is a stone staircase leading up here.
Unknown command.
Unknown command.
Grinder blinks!
You climb upwards.
There is a stone staircase leading down here.
You start resting.
HP restored.
You climb downwards.
Level annotation: Grinder
There is a stone staircase leading up here.
Unknown command.
Grinder blinks!
You hit Grinder.
Your tail-slap misses Grinder.
Grinder is lightly wounded.
Grinder hits you.
You writhe in agony.
You hit Grinder.
Grinder is lightly wounded.
Grinder hits you.
You hit Grinder. You punch Grinder.
Grinder is moderately wounded.
Grinder hits you.
You writhe in agony.
You closely miss Grinder.
Grinder is moderately wounded.
Grinder gestures at you. Pain shoots through your body!
* * * LOW HITPOINT WARNING * * *
You hit Grinder but do no damage.
Grinder is moderately wounded.
Grinder barely misses you.
Unknown command.
You hit Grinder.
Grinder is moderately wounded.
Grinder closely misses you.
You closely miss Grinder.
Grinder is moderately wounded.
Grinder gestures at you. Pain shoots through your body!
You die...
Grinder says, "Now the real fun starts!"

##...## #.# ##.....## ###
#5# ##.......## ##.###.#
#.........####...##.#
+.........'.......#.#
#.........####...##.#####
#.......## ##.........#
##.....## ##5##.###.#
##.).## #.h...###.# ##'##
#.........# #.#
#.######### #.# #.# ##.##
#.# ##...## #.# ###.....#
#<# .......########.#
#####....†......#


You could see Grinder.

Vanquished Creatures
  Terence (D:2)
  4 gnolls (D:2)
  2 adders (D:2)
  A dart slug (D:2)
  2 ribbon worms (D:2)
  4 endoplasms (D:1)
  2 giant cockroaches
  6 goblins
  6 hobgoblins
  4 jackals (D:1)
  4 kobolds
  A quokka (D:2)
  5 ball pythons
  3 bats
  2 frilled lizards
  5 rats
52 creatures vanquished.

Notes
Turn   | Place    | Note
-------+----------+-------------------------------------------
     0 | D:1      | safid the Draconian Shapeshifter began the quest for the
                  | Orb.
     0 | D:1      | Reached XP level 1. HP: 16/16 MP: 1/1
    98 | D:1      | Reached XP level 2. HP: 23/23 MP: 2/2
   345 | D:1      | Reached XP level 3. HP: 26/28 MP: 3/3
   688 | D:2      | Noticed Terence
   699 | D:2      | Killed Terence
   887 | D:2      | Reached XP level 4. HP: 34/35 MP: 4/4
  1994 | D:3      | Reached XP level 5. HP: 34/40 MP: 5/5
  2051 | D:3      | Noticed Grinder
  2095 | D:3      | Paralysed by Grinder for 2 turns
  2193 | D:3      | Killed from afar by Grinder

Illustrated notes

Levels and vault maps discovered:
D:1:      matt_arrival_los_fun, layout_basic
D:2:      layout_basic, corexii_leaking_fountain, uniq_terence
D:3:      layout_loops_corners, chequers_ecumenical_altar_lobes, uniq_grinder,
          uniq_ijyb

Skill      XL: |  1  2  3  4 |
---------------+-------------+-----
Dodging        | 2 |  2.0
Unarmed Combat | 4 |  4.6
Shapeshifting  | 4 |  4.0
Fighting       | |  1.5

Action                     |  1- 3 |  4- 6 || total
---------------------------+-------+-------++-------
  Melee: Unarmed           |    90 |    56 ||   146
         Tailslap          |     8 |     3 ||    11
         Punch             |     4 |     1 ||     5
   Stab: Sleeping          |       |     1 ||     1
 Armour: Skin              |    42 |    18 ||    60
  Dodge: Dodged            |    56 |    30 ||    86
